 Dungeon Sprint DCSS version 0.17-a0-1718-g72dbe4d (webtiles) character file.

818 Kidiri the Covert (level 7, -2/32 HPs)
             Began as a Spriggan Enchanter on Aug 26, 2015.
             Was a Follower of Dithmenos.
             Slain by a human
             ... wielding a +0 whip
              (15 damage)
             ... in the Dungeon (Sprint III: "The Ten Rune Challenge").
             The game lasted 00:04:06 (651 turns).

Kidiri the Covert (Spriggan Enchanter)               Turns: 651, Time: 00:04:06

Health: -2/32      AC:  4    Str:  4    XL:     7   Next: 62%
Magic:  13/21      EV: 28    Int: 17    God:    Dithmenos [*.....]
Gold:   25         SH:  0    Dex: 18    Spells: 8 memorised, 6 levels left

rFire  . . .     SeeInvis +     a - +1 dagger
rCold  . . .     Clarity  .     b - +2 robe
rNeg   . . .     SustAt   .     (shield restricted)
rPois  .         Gourm    .     (helmet restricted)
rElec  .         Spirit   .     (no cloak)
rCorr  .         Warding  .     (gloves unavailable)
rMut   .         NoTele   +     (boots unavailable)
MR     +....                    (no amulet)
Stlth  +++++++...               (no ring)
                                (no ring)

@: wreathed by umbra, very quick, somewhat resistant to hostile enchantments,
extremely stealthy
A: unfitting armour, see invisible, breathe flames 1, herbivore 3, speed 3, slow
metabolism 2
a: Renounce Religion, Breathe Fire


You were in the Dungeon.
You worshipped Dithmenos.
Dithmenos was aware of your devotion.
You were not hungry.

You visited 1 branch You collected 25 gold pieces.

Inventory:

Hand weapons
 a - a +1 dagger (weapon)
Armour
 b - a +2 robe (worn)
Magical devices
 l - a wand of digging (18)
Scrolls
 j - a scroll of blinking
 k - a scroll of magic mapping
 o - a scroll of torment
 t - a scroll of holy word {unknown}
 u - a scroll of remove curse {unknown}
Potions
 e - a potion of curing
 f - 2 potions of heal wounds
 g - a potion of haste
 h - 2 potions of magic
 i - a potion of berserk rage
 r - 2 potions of might
 s - 3 potions of flight
 v - a potion of cure mutation
Books
 c - a book of Conjurations

   Spells                             Type                      Level
   a - Magic Dart                     Conjuration                  1
   b - Searing Ray                    Conjuration                  2
   c - Dazzling Spray                 Conjuration/Hexes            3
   d - Fulminant Prism                Conjuration/Hexes            4
   e - Iskenderun's Mystic Blast      Conjuration                  4
   f - Iskenderun's Battlesphere      Conjuration/Charms           5
Comestibles
 d - a bread ration
 m - a royal jelly
 q - 5 fruits


   Skills:
 + Level 5.8 Short Blades
 * Level 11.3 Dodging
 * Level 12.5 Stealth
 * Level 9.5 Spellcasting
 + Level 2.3 Conjurations
 + Level 7.3 Hexes
 + Level 4.0 Ice Magic
 + Level 3.1 Invocations


You had 6 spell levels left.
You knew the following spells:

 Your Spells              Type           Power        Failure   Level  Hunger
a - Corona                Hex            ####...      1%          1    None
b - Ensorcelled Hibernat  Hex/Ice        ####..       1%          2    None
c - Confuse               Hex            ####....     1%          3    None
d - Tukima's Dance        Hex            ####....     1%          3    None
e - Dazzling Spray        Conj/Hex       ###.....     4%          3    None
f - Magic Dart            Conj           ###.         3%          1    None
g - Searing Ray           Conj           ###...       6%          2    None
h - Fulminant Prism       Conj/Hex       ###.......   14%         4    ###....


Dungeon Overview and Level Annotations

Branches:
Dungeon (1/1)

Altars:
Dithmenos
Elyvilon
Gozag
Kikubaaqudgha
Makhleb
Nemelex Xobeh
Okawaru
Qazlal
Ru
Sif Muna
Trog
Vehumet
Xom
Zin
The Shining One
Jiyva
Lugonu


Innate Abilities, Weirdness & Mutations

You are tiny and cannot use many weapons and most armour.
You have supernaturally acute eyesight.
You are a herbivore.
You cover ground extremely quickly.
You need consume almost no food.
You can breathe flames.


Message History

You spit the human like a pig!!!!
You kill the human!
Dithmenos accepts your kill.
Your Dodging skill increases to level 11!
Your Ice Magic skill increases to level 4!
Your Invocations skill increases to level 3!
The human completely misses you.
Casting: Ensorcelled Hibernation
Confirm with . or Enter, or press ? or * to list all spells.
Aiming: Confuse
Press: ? - help, Shift-Dir - straight line, f - human
Aim: a human, wielding a whip (berserk, fast, unusually strong, umbra, chance to defeat MR: 62%)
The human appears confused.
The human hits you with a whip!
You barely miss the human.
You strike the helpless human from behind!
You spit the human like a pig!!!
The human is severely wounded.
The human hits you with a whip!
You die...

▓▓ ▓▓▓ *** .####
##.#########***,*********
....#####..#___#p_[#__*,,,*,*,,,,
.....#:.#..#)..#@!.#,_*,,,,,,,,,,
##...#..#..###+#'###+##,,,,,,,,*,
###..##+#..#..........#,,,,,,,,*,
.##..###...'.⌠........#,***,∩**,,
##..####...#...######'#,* *,,,**,
##..###....#.⌠.#__#...#+*********
#...##.....#...#__#...#,,≈≈≈+,*,+
....#......#+###__#...#,*≈≈≈*,*,*
..##.#.....#:))#__#...+,*,,,*,*,*


You could see a human (berserk).

Vanquished Creatures
  A deep elf priest (D)
  A shadow (D)
  A spatial vortex (D)
  A water elemental (D)
  A wizard (D)
  A jelly (D)
  Jessica (D)
  2 humans (D)
  A kobold demonologist (D)
  A phantom (D)
  3 rats (D)
14 creatures vanquished.

Vanquished Creatures (others)
  2 draconian scorchers (D)
  A yaktaur (D)
  2 fire drakes (D)
  A plant (D)
6 creatures vanquished.

Grand Total: 20 creatures vanquished

Notes
Turn   | Place    | Note
--------------------------------------------------------------
     0 | D        | Kidiri the Spriggan Enchanter began the quest for the Orb.
     0 | D        | Reached XP level 1. HP: 9/9 MP: 5/5
    33 | D        | Noticed Jessica
    49 | D        | Killed Jessica
    49 | D        | Reached skill level 5 in Dodging
    49 | D        | Reached skill level 6 in Stealth
    49 | D        | Reached XP level 2. HP: 7/13 MP: 5/8
    63 | D        | Learned a level 2 spell: Ensorcelled Hibernation
    69 | D        | Killed a yaktaur
   162 | D        | Killed a fire drake
   220 | D        | Reached XP level 3. HP: 16/16 MP: 9/9
   225 | D        | Reached skill level 7 in Stealth
   242 | D        | Gained mutation: You are agile. (Dex +2) [potion of mutation]
   242 | D        | Gained mutation: You are dopey. (Int -2) [potion of mutation]
   243 | D        | Gained mutation: You can breathe flames. [potion of mutation]
   243 | D        | Gained mutation: You are weak. (Str -2) [potion of mutation]
   244 | D        | Lost mutation: You are weak. (Str -2) [potion of cure mutation]
   244 | D        | Lost mutation: You are agile. (Dex +2) [potion of cure mutation]
   244 | D        | Lost mutation: You are dopey. (Int -2) [potion of cure mutation]
   257 | D        | Learned a level 3 spell: Confuse
   261 | D        | Learned a level 3 spell: Tukima's Dance
   353 | D        | Killed a white draconian scorcher
   363 | D        | Killed a white draconian scorcher
   364 | D        | Noticed a water elemental
   367 | D        | Killed a water elemental
   367 | D        | Reached skill level 8 in Stealth
   367 | D        | Reached skill level 5 in Spellcasting
   367 | D        | Reached skill level 1 in Ice Magic
   367 | D        | Reached XP level 4. HP: 21/21 MP: 10/12
   376 | D        | Noticed a jelly
   387 | D        | Noticed a shadow
   389 | D        | Killed a shadow
   389 | D        | Reached skill level 9 in Dodging
   389 | D        | Reached skill level 10 in Stealth
   389 | D        | Reached skill level 5 in Hexes
   389 | D        | Reached XP level 5. HP: 24/24 MP: 12/15
   393 | D        | Killed a jelly
   393 | D        | Reached XP level 6. HP: 28/28 MP: 12/17
   402 | D        | Learned a level 3 spell: Dazzling Spray
   453 | D        | Found a stormy altar of Qazlal.
   453 | D        | Noticed a spatial vortex
   454 | D        | Found a sacrificial altar of Ru.
   454 | D        | Found a burning altar of Makhleb.
   454 | D        | Found a viscous altar of Jiyva.
   454 | D        | Found a shimmering altar of Xom.
   454 | D        | Found a shadowy altar of Dithmenos.
   454 | D        | Found a sparkling altar of Nemelex Xobeh.
   454 | D        | Found a corrupted altar of Lugonu.
   454 | D        | Found an opulent altar of Gozag.
   458 | D        | Became a worshipper of Dithmenos the Shadowed
   487 | D        | Killed a spatial vortex
   487 | D        | Reached skill level 5 in Short Blades
   487 | D        | Reached skill level 10 in Dodging
   487 | D        | Reached skill level 11 in Stealth
   487 | D        | Reached skill level 1 in Conjurations
   487 | D        | Reached skill level 1 in Invocations
   532 | D        | Killed a fire drake
   590 | D        | Found a radiant altar of Vehumet.
   591 | D        | Found a deep blue altar of Sif Muna.
   591 | D        | Found an ancient bone altar of Kikubaaqudgha.
   591 | D        | Noticed a wizard
   592 | D        | Killed a wizard
   616 | D        | Learned a level 1 spell: Magic Dart
   619 | D        | Learned a level 2 spell: Searing Ray
   624 | D        | Learned a level 4 spell: Fulminant Prism
   629 | D        | Found a glowing silver altar of Zin.
   630 | D        | Found a glowing golden altar of the Shining One.
   630 | D        | Found a white marble altar of Elyvilon.
   630 | D        | Noticed a deep elf priest
   632 | D        | Killed a deep elf priest
   632 | D        | Reached skill level 12 in Stealth
   632 | D        | Reached XP level 7. HP: 32/32 MP: 18/20
   643 | D        | Found an iron altar of Okawaru.
   644 | D        | Found a bloodstained altar of Trog.
   644 | D        | Noticed a human
   644 | D        | Noticed a human
   647 | D        | Killed a human
   651 | D        | Slain by a human

Vault maps used:
D:        dungeon_sprint_mu

Action                   |  1- 3 |  4- 6 |  7- 9 || total
-------------------------+-------+-------+-------++-------
Melee: Dagger            |    13 |    19 |     3 ||    35
 Cast: Corona            |     1 |       |       ||     1
       Ensorcelled Hiber |     1 |       |     2 ||     3
       Dazzling Spray    |       |     6 |       ||     6
       Confuse           |       |       |     1 ||     1
  Use: Scroll            |     6 |       |       ||     6
       Potion            |     3 |       |       ||     3
 Stab: Sleeping          |     5 |     5 |     1 ||    11
       Confused          |       |       |     1 ||     1
